 Dungeon Crawl Stone Soup version 0.31.0-11-ge490571c62 (webtiles) character file.

Game seed: 7027651410677681952

183 qw the Ducker (level 5, -4/25 HPs)
             Began as a Spriggan Hunter on Feb 3, 2024.
             Slain by a brain worm (5 damage)
             ... in a sewer.
             The game lasted 00:00:34 (2020 turns).

qw the Ducker (Spriggan Hunter)                     Turns: 2020, Time: 00:00:34

Health: -4/25      AC:  2    Str:  7    XL:     5   Next: 35%
Magic:  2/6        EV: 23    Int: 10    God:
Gold:   138        SH:  0    Dex: 27    Spells: 4/4 levels left

rFire   . . .        a - +0 shortbow
rCold   . . .        (shield currently unavailable)
rNeg    . . .        c - +0 robe
rPois   .            (helmet restricted)
rElec   .            (no cloak)
rCorr   .            (gloves unavailable)
SInv    +            (boots unavailable)
Will    .....        (no amulet)
Stlth   +++          h - +6 ring of dexterity
HPRegen 0.24/turn    (no ring)
MPRegen 0.10/turn

%: no passive effects
@: very quick
A: very small, no large weapons, unfitting armour, see invisible, speed 3
a: no special abilities


You were in a sewer.
You visited 1 branch of the dungeon, and saw 3 of its levels.
You also visited: Sewer.

You collected 138 gold pieces.


Innate Abilities, Weirdness & Mutations

You are very small and have problems with some larger weapons.
You are too small for most types of armour.
You have supernaturally acute eyesight. (SInv)
You cover ground extremely quickly. (Speed+++)


   Skills:
 - Level 1.5 Fighting
 - Level 5.4 Ranged Weapons
 + Level 5.7 Dodging
 - Level 1.5 Stealth


You had 4 spell levels left.
You didn't know any spells.
Your spell library was empty.

Inventory:

Hand Weapons
 a - a +0 shortbow (weapon)
Armour
 c - a +0 robe (worn)
Jewellery
 h - a +6 ring of dexterity (left hand)
Scrolls
 e - a scroll of brand weapon {unknown}
 f - a scroll of fear {unknown}
 i - a scroll of enchant armour
Potions
 b - a potion of resistance
 d - a potion of heal wounds {unknown}
 g - 4 potions of curing

Dungeon Overview and Level Annotations

Branches:
Dungeon (3/15)              Sewer (1/1)

Altars:
Hepliaklqana
Kikubaaqudgha
Okawaru
Xom


Message History

A ball python comes into view.
The brain worm's bulging head throbs.
Something gnaws on your mind!
You feel your power leaking away.
You shoot an arrow. The arrow hits the ball python.
You kill the ball python!
You shoot an arrow. The arrow barely misses the brain worm.
You shoot an arrow. The arrow hits the brain worm.
The brain worm is lightly wounded.
You shoot an arrow. The arrow hits the brain worm.
The brain worm is lightly wounded.
The brain worm's throbbing head pulsates.
Something gnaws on your mind!
You feel your power leaking away.
You shoot an arrow. The arrow hits the brain worm!
The brain worm is heavily wounded.
The brain worm's throbbing head pulsates.
Something gnaws on your mind!
You feel your power leaking away.
You shoot an arrow. The arrow barely misses the brain worm.
You shoot an arrow. The arrow hits the brain worm.
The brain worm is severely wounded.
You shoot an arrow. The arrow hits the brain worm.
The brain worm is almost dead.
The brain worm's throbbing head pulsates.
Something gnaws on your mind!
You feel your power leaking away.
You shoot an arrow.
The arrow hits the brain worm but does no damage.
The brain worm is almost dead.
You shoot an arrow. The arrow hits the brain worm.
The brain worm is almost dead.
The brain worm's bulging head throbs.
Something gnaws on your mind!
You feel your power leaking away.
You shoot an arrow. The arrow barely misses the brain worm.
The brain worm misses you.
You shoot an arrow. The arrow barely misses the brain worm.
The brain worm closely misses you. The brain worm bites you.
You die...

########################
~~..~~~~~~~~.~..@w~%...~
.....~~.~~~.......~~~%%.
########################
# ## .##


You could see a brain worm.

Vanquished Creatures
  A brain worm (Sewer)
  4 adders
  3 river rats
  A dart slug (D:1)
  A ribbon worm (D:2)
  An orc (D:3)
  3 endoplasms
  4 giant cockroaches
  2 goblins
  3 hobgoblins
  4 kobolds
  4 quokkas
  9 ball pythons
  4 bats
  5 frilled lizards
  10 rats
59 creatures vanquished.

Notes
Turn   | Place    | Note
-------+----------+-------------------------------------------
     0 | D:1      | qw the Spriggan Hunter began the quest for the Orb.
     0 | D:1      | Reached XP level 1. HP: 10/10 MP: 2/2
     0 | D:1      | 0 ||| qw: Version: 0.3-a-155-g5e7d8dd
     0 | D:1      | 0 ||| qw: Game counter: 3064
     0 | D:1      | 0 ||| qw: Melee chars always use a shield: true
     0 | D:1      | 0 ||| qw: God list: Okawaru
     0 | D:1      | 0 ||| qw: Allow faded altars: false
     0 | D:1      | 0 ||| qw: Do Orc after clearing Dungeon:15 true
     0 | D:1      | 0 ||| qw: Do second Lair branch before Depths: true
     0 | D:1      | 0 ||| qw: Lair rune preference: random
     0 | D:1      | 0 ||| qw: Goals: Normal
     0 | D:1      | 0 ||| PLANNING D:1-11
    32 | D:1      | Reached skill level 3 in Dodging
    35 | D:1      | 35 ||| DROPPING +3 sling.
   100 | D:1      | Reached XP level 2. HP: 14/14 MP: 3/3
   234 | D:1      | Found a faded altar of an unknown god.
   425 | D:1      | 425 ||| READING scroll labelled CEFICW BEURAERCH.
   526 | D:1      | 526 ||| READING 2 scrolls labelled WIADYA ESCHUOS.
   527 | D:1      | 527 ||| DRINKING 2 inky potions.
   528 | D:1      | 528 ||| DROPPING scroll of butterflies.
   529 | D:1      | 529 ||| DROPPING scroll of blinking.
   759 | D:2      | HP: 3/14 [adder (1)]
   763 | D:2      | Reached XP level 3. HP: 5/18 MP: 4/4
   825 | D:2      | Found an ancient bone altar of Kikubaaqudgha.
  1076 | D:2      | 1076 ||| UPGRADING to +6 ring of dexterity.
  1077 | D:2      | 1077 ||| DROPPING ring of wizardry.
  1078 | D:2      | 1078 ||| READING scroll labelled FIJAEJ DEYSUE.
  1083 | D:2      | 1083 ||| READING scroll labelled ABBYDU OTTADWA.
  1084 | D:2      | 1084 ||| READING scroll labelled APEBLO VOTZO.
  1084 | D:2      | 1084 ||| IDENTIFYING brown potion
  1085 | D:2      | 1085 ||| DRINKING 2 sapphire potions.
  1105 | D:3      | 1105 ||| PLANNING SEWER
  1220 | D:3      | Found a hazy altar of Hepliaklqana.
  1221 | D:3      | Found a shimmering altar of Xom.
  1221 | D:3      | Noticed an unseen horror
  1222 | D:3      | Noticed a spectral ugly thing
  1495 | D:3      | Found an iron altar of Okawaru.
  1730 | D:3      | Reached XP level 4. HP: 22/22 MP: 5/5
  1761 | D:3      | Found a glowing drain.
  1762 | D:3      | 1762 ||| READING scroll of identify.
  1762 | D:3      | 1762 ||| IDENTIFYING scroll labelled PEIGOR CODUU
  1763 | D:3      | 1763 ||| READING scroll labelled POPPA FEGATO.
  1763 | D:3      | 1763 ||| ENCHANTING +0 shortbow.
  1764 | D:3      | 1764 ||| DROPPING scroll of poison.
  1768 | Sewer    | Entered a sewer
  1864 | Sewer    | Noticed a brain worm
  1865 | Sewer    | 1865 ||| DRINKING potion of haste.
  1873 | Sewer    | Killed a brain worm
  1874 | Sewer    | Reached XP level 5. HP: 17/25 MP: 4/6
  2016 | Sewer    | HP: 6/25 [brain worm/psychic fangs (5)]
  2018 | Sewer    | HP: 1/25 [brain worm/psychic fangs (6)]
  2020 | Sewer    | Slain by a brain worm

Levels and vault maps discovered:
D:1:      roderic_dead_forest, layout_rooms,
          shapermc_ecumenical_altar_starsandcircs
D:2:      layout_basic, basic_altar, minivault_4
D:3:      layout_basic, regret_index_temple_of_mockery, bloody_makhleb,
          old_standard_altar, gup_sewer_entry_spiral
Sewer:    sewer_co_cracked_pipes

Skill      XL: |  1  2  3  4 |
---------------+-------------+-----
Dodging        | 3 4 5 |  5.7
Ranged Weapons | 5 |  5.4
Fighting       | |  1.5
Stealth        | |  1.5

Action                     |  1- 3 |  4- 6 || total
---------------------------+-------+-------++-------
   Fire: Shortbow          |   118 |    67 ||   185
    Use: Scroll            |     5 |     2 ||     7
         Potion            |     2 |     1 ||     3
 Armour: Robe              |     8 |     5 ||    13
  Dodge: Dodged            |    45 |    29 ||    74

Table legend:
 A = Non-vault XP
 B = Vault XP
 C = Vault XP percentage of total XP
 D = Non-vault monster count
 E = Vault monster count
 F = Vault count percentage of total count
                 A         B        C        D         E       F
            +---------+---------+-------+---------+---------+-------
      Total |      92 |     170 |  64.9 |      34 |      25 |  42.4
            +---------+---------+-------+---------+---------+-------
        D:1 |      25 |       0 |   0.0 |      14 |       0 |   0.0
        D:2 |      27 |       0 |   0.0 |       9 |       0 |   0.0
        D:3 |      40 |      24 |  37.5 |      11 |       7 |  38.9
      Sewer |       0 |     146 | 100.0 |       0 |      18 | 100.0
            +---------+---------+-------+---------+---------+-------
